 Dungeon Crawl Stone Soup version 0.25-a0-42-g6c54e25894 (webtiles) character file.

Game seed: 4591824356240849504, levelgen mode: deterministic

21218 inmateoo the Frost Mage (level 12, -2/91 HPs)
             Began as a Vampire Ice Elementalist on Oct 22, 2019.
             Was an Initiate of Gozag.
             Slain by a minotaur
             ... wielding the +7 glaive of Ravage {pain, Str+4}
              (31 damage)
             ... in a Gauntlet.
             The game lasted 00:47:50 (18247 turns).

inmateoo the Frost Mage (Vampire Ice Elementalist) Turns: 18247, Time: 00:47:51

Health: -2/91      AC: 11    Str: 10    XL:     12   Next: 52%
Magic:  13/44      EV: 16    Int: 30    God:    Gozag
Gold:   3119       SH:  0    Dex: 12    Spells: 12/29 levels left

rFire    . . .     SeeInvis +   P - +0 dagger (elec)
rCold    + . .     Gourm    .   (no shield)
rNeg     . . .     Faith    .   I - +2 robe {rC+}
rPois    .         Spirit   .   a - +3 hat of Pondering {ponderous, MR+ MP+10 Int+5}
rElec    +         Reflect  .   t - scarf {repulsion}
rCorr    .         Harm     .   M - +2 pair of gloves {Str+3}
MR       ++...     NoTele   +   f - +0 pair of boots of the Spheres {rElec Int+3 Dex-3}
Stlth    ++++......             n - amulet of the acrobat
HPRegen  0.45/turn              e - ring of magical power
MPRegen  0.29/turn              h - ring of wizardry

@: regenerating quickly, repel missiles, slow
A: no food, fangs 3, see invisible, unbreathing
a: Exsanguinate, Potion Petition, Call Merchant, Bribe Branch, Renounce Religion


You were in a Gauntlet.
You worshipped Gozag.
Gozag was most pleased with you.
You were alive.

You visited 3 branches of the dungeon, and saw 17 of its levels.
You also visited: Gauntlet.

You collected 3386 gold pieces.
You spent 172 gold pieces at shops.
You paid 95 gold pieces to Gozag.

Inventory:

Hand Weapons
 j - a +2 dagger of venom
 F - a +0 dagger of freezing
 J - the +3 rapier of the Final Orbs {chaos, rPois Str+4}
   (You found it on level 10 of the Dungeon)

   Each time it hits an enemy it has a different, random effect.
   It affects your strength (+4).
   It protects you from poison.
 P - a +0 dagger of electrocution (weapon)
Armour
 a - the +3 hat of Pondering (worn) {ponderous, MR+ MP+10 Int+5}
   (You took it off Gastronok on level 10 of the Dungeon)

   It affects your intelligence (+5).
   It affects your resistance to hostile enchantments.
   It affects your magic capacity (+10).
 f - the +0 pair of boots of the Spheres (worn) {rElec Int+3 Dex-3}
   (You found it in a Gauntlet)

   It affects your intelligence (+3).
   It affects your dexterity (-3).
   It insulates you from electricity.
 t - a scarf of repulsion (worn)
 I - a +2 robe of cold resistance (worn)
 M - a +2 pair of gloves of strength (worn)
Jewellery
 e - a ring of magical power (left hand)
 h - a ring of wizardry (right hand)
 i - an uncursed ring of poison resistance
 k - an uncursed ring of protection from cold
 n - an amulet of the acrobat (around neck)
 y - an uncursed ring of fire
 B - a +3 amulet of reflection {unknown}
 G - an uncursed ring of ice
 Q - the ring of Osami {rC++ Str-3 Stlth-}
   (You found it in a Gauntlet)

   [ring of attention]

   It affects your strength (-3).
   It greatly protects you from cold.
   It makes you less stealthy.
Wands
 c - a wand of enslavement (19)
 A - a wand of disintegration (3)
 O - a wand of random effects (13)
Scrolls
 b - a scroll of amnesia
 d - 3 scrolls of enchant armour
 l - 2 scrolls of remove curse
 v - 7 scrolls of teleportation
 D - a scroll of magic mapping
 N - a scroll of enchant weapon
Potions
 g - 3 potions of resistance
 m - 4 potions of brilliance
 o - a potion of agility
 p - 2 potions of might
 q - a potion of berserk rage
 r - 2 potions of ambrosia
 s - 3 potions of experience
 u - 2 potions of curing
 w - a potion of haste
 x - a potion of flight
 C - 2 potions of mutation
 K - a potion of cancellation


   Skills:
 + Level 7.3 Fighting
 - Level 4.0 Short Blades
 + Level 7.5 Dodging
 - Level 10.0 Stealth
 + Level 9.3 Spellcasting
 + Level 4.5 Conjurations
 + Level 7.8 Summonings
 + Level 10.2 Ice Magic


You had 12 spell levels left.
You knew the following spells:

 Your Spells              Type           Power        Failure   Level  Hunger
a - Freeze                Ice            ####         1%          1    N/A
d - Summon Ice Beast      Ice/Summ       ######..     1%          4    N/A
e - Throw Icicle          Conj/Ice       ######..     1%          4    N/A
f - Spellforged Servitor  Conj/Summ      ######....   65%         7    N/A
g - Apportation           Tloc           ##....       1%          1    N/A

Your spell library contained the following spells:

 Spells                   Type           Power        Failure   Level  Hunger
 Animate Skeleton         Necr           N/A          1%          1    N/A
 Confusing Touch          Hex            ##....       1%          1    N/A
 Summon Small Mammal      Summ           ####         1%          1    N/A
 Throw Frost              Conj/Ice       ######       1%          2    N/A
 Ozocubu's Armour         Chrm/Ice       #####...     1%          3    N/A
 Confuse                  Hex            ##......     4%          3    N/A
 Gell's Gravitas          Tloc           ##........   4%          3    N/A
 Metabolic Englaciation   Hex/Ice        #####.....   5%          5    N/A
 Petrify                  Tmut/Erth      ##......     16%         4    N/A
 Iskenderun's Battlesphe  Conj/Chrm      ####....     16%         5    N/A
 Venom Bolt               Conj/Pois      ####......   16%         5    N/A
 Bolt of Magma            Conj/Fire/Erth ###.......   22%         5    N/A
 Yara's Violent Unravell  Hex/Tmut       ##........   38%         5    N/A
 Iron Shot                Conj/Erth      ####......   63%         6    N/A
 Orb of Destruction       Conj           #####.....   86%         7    N/A

Dungeon Overview and Level Annotations

Branches:
Dungeon (13/15)            Temple (1/1) D:5            Lair (3/6) D:10
  Swamp (0/4) Lair:2          Orc (0/2) D:12        Gauntlet (1/1)
  Snake: Lair:2-4    Spider: Lair:2-4    Vaults: D:13-14

Altars:
Ashenzari
Cheibriados
Dithmenos
Fedhas
Gozag
Kikubaaqudgha
Makhleb
Nemelex Xobeh
Qazlal
Trog
Vehumet
Xom
Zin

Shops:
D:6 (   D:9 %   D:10 }   D:11 (

Annotations:
D:5 Grinder Gauntlet 8 transporters


Innate Abilities, Weirdness & Mutations

You do not eat.
Your natural rate of healing is unusually fast.
You have razor-sharp teeth.
You have supernaturally acute eyesight. (SInv)
You can survive without breathing.


Message History

You continue taking off the +3 hat of Pondering {ponderous, MR+ MP+10 Int+5}.
Keep disrobing? [Y]es or [N]o only, please.
Keep disrobing? [Y]es or [N]o only, please.
Keep disrobing?
You stop removing your armour.
Okay, then.
Press: ? - help, v - describe, . - travel, g - get item
Here: a minotaur, wielding the +7 glaive of Ravage {pain, Str+4}, wearing a +0 plate armour and wearing the ring of the Enemy {rPois MR+ AC+4 Str+5 Stlth+} (moderately wounded) 5 javelins.
The floor, spattered with blood.
Okay, then.
Okay, then.
As you read the scroll of fear, it crumbles to dust.
You assume a fearsome visage.
The minotaur resists with almost no effort.
The minotaur hits you with the +7 glaive of Ravage {pain, Str+4}!!
You die...
Your body crumbles into a pile of gold.

#[.:# #8.8# ####|.=####
###8.#8.8#.8### #....#...#....#
#.#..#8.8#..#.# #.#..##'##..#.#
#......H.....(# #.#.##@#.##.#.#
#.#....#.H..#.#
###.#.#######§#.###
#≈......YY.H.(§..≈#
####8.8.8..©.©..8.8.8#### ##
#8##≈.....(..((..((.≈##8# #8
###############################
#≈............≈∩≈..............
#..............................


You could see a minotaur.

Vanquished Creatures
  Fannar (D:10)
  A two-headed ogre (D:10)
  A tengu warrior (D:11)
  Pikel (D:3)
  An elephant (Lair:1)
  3 spiny frogs
  A gargoyle (D:13)
  2 kobold demonologists (D:12)
  A troll (D:9)
  A hornet (D:11)
  2 hippogriffs
  Sigmund (D:3)
  A wraith (D:12)
  6 yaks
  A hungry ghost (D:8)
  An acid dragon (D:11)
  3 soldier ants (D:11)
  4 water moccasins
  A porcupine (Lair:1)
  An ice beast (D:12)
  A necrophage (D:8)
  4 orc warriors
  2 sky beasts
  A phantom (D:10)
  A boggart (D:9)
  4 centaurs
  4 ogres
  A crocodile (D:11)
  3 big kobolds (D:12)
  5 bullfrogs
  A wyvern skeleton (D:6)
  2 scorpions
  3 killer bees (D:8)
  A howler monkey (D:9)
  5 crimson imps
  7 hounds
  A quasit (D:7)
  2 bullfrog zombies
  3 jellies
  A centaur skeleton (D:6)
  5 orc priests
  Jessica (D:3)
  A bullfrog skeleton (D:5)
  2 iguanas
  7 orc wizards
  Natasha (thrice) (D:3)
  11 worker ants
  Robin (D:3)
  7 gnolls
  7 adders
  A howler monkey skeleton (D:4)
  2 shadow imps (Gauntlet)
  An ooze (D:4)
  2 worms
  A dart slug (D:2)
  3 leopard geckos
  34 orcs
  9 bats
  5 giant cockroaches
  17 goblins
  9 hobgoblins
  10 jackals
  5 quokkas
  3 ball pythons
  6 frilled lizards
  12 kobolds
  13 rats
  A butterfly (D:5)
265 creatures vanquished.

Vanquished Creatures (collateral kills)
  Gastronok (D:10)
  3 hydras
  Erolcha (D:12)
  Harold (Lair:1)
  A two-headed ogre (D:8)
  2 cyclopes (D:12)
  2 ugly things
  A deep elf mage (D:8)
  A manticore (D:12)
  4 elephants (Lair:1)
  A gargoyle (D:12)
  A spiny frog (Lair:3)
  A centaur skeleton (D:12)
  3 kobold demonologists
  A hellwing (Gauntlet)
  A tengu conjurer (D:11)
  2 trolls
  2 hippogriffs
  6 slime creatures
  2 blink frogs (Lair:3)
  9 yaks
  A wraith (D:12)
  3 wyverns
  A hungry ghost (D:9)
  A basilisk (Lair:2)
  2 water moccasins (Lair:3)
  3 porcupines (Lair:1)
  4 ice beasts
  3 sky beasts
  A black bear (D:6)
  An eye of draining (D:12)
  2 ogres
  8 wolves (Lair:3)
  3 centaurs
  3 crocodiles
  4 big kobolds
  A bullfrog (D:12)
  2 scorpions
  11 killer bees
  3 wights
  A bullfrog zombie (D:5)
  A crimson imp (D:9)
  2 hounds
  2 jellies
  A bullfrog skeleton (D:9)
  A gnoll shaman (D:7)
  An orc priest (D:8)
  An orc wizard (D:11)
  4 worker ants
  A hound skeleton (D:7)
  4 gnolls
  5 adders
  2 shadow imps
  An adder zombie (D:9)
  11 orcs
  2 giant cockroaches
  7 kobolds
150 creatures vanquished.

Vanquished Creatures (others)
  A slave (D:4)
  An iguana (D:6)
  An orc wizard (D:4)
  An adder (D:12)
  An orc (D:6)
  A ball python skeleton (D:6)
  11 demonic plants (Gauntlet)
  4 fungi (Lair:1)
  4 plants (Lair:1)
25 creatures vanquished.

Grand Total: 440 creatures vanquished

Notes
Turn   | Place    | Note
-------+----------+-------------------------------------------
     0 | D:1      | inmateoo the Vampire Ice Elementalist began the quest for
                  | the Orb.
     0 | D:1      | Reached XP level 1. HP: 13/13 MP: 3/3
   182 | D:1      | Reached XP level 2. HP: 13/20 MP: 0/5
   186 | D:1      | Learned a level 2 spell: Throw Frost
   857 | D:2      | Reached skill level 1 in Fighting
   909 | D:2      | Reached XP level 3. HP: 26/26 MP: 3/6
  1249 | D:2      | Reached XP level 4. HP: 32/32 MP: 3/7
  1434 | D:2      | Learned a level 3 spell: Ozocubu's Armour
  1690 | D:3      | Noticed Natasha
  1744 | D:3      | Killed Natasha
  2009 | D:3      | Noticed Sigmund
  2029 | D:3      | Killed Sigmund
  2029 | D:3      | Reached skill level 5 in Stealth
  2029 | D:3      | Reached XP level 5. HP: 19/35 MP: 1/10
  2029 | D:3      | Reached XP level 6. HP: 22/41 MP: 1/11
  2233 | D:3      | Noticed Natasha
  2253 | D:3      | Killed Natasha
  2299 | D:3      | Noticed Robin
  2328 | D:3      | Killed Robin
  2390 | D:3      | Noticed Jessica
  2399 | D:3      | Killed Jessica
  3295 | D:4      | Reached XP level 7. HP: 46/46 MP: 12/12
  3333 | D:4      | Learned a level 4 spell: Summon Ice Beast
  3518 | D:4      | Noticed Pikel
  3713 | D:2      | Reached skill level 1 in Summonings
  3815 | D:3      | Noticed Natasha
  3816 | D:3      | Killed Pikel
  3816 | D:3      | Reached skill level 5 in Ice Magic
  3816 | D:3      | Reached XP level 8. HP: 41/60 MP: 7/14
  3867 | D:3      | Killed Natasha
  4303 | D:5      | Entered Level 5 of the Dungeon
  4689 | D:5      | Noticed Grinder
  5087 | D:5      | Found a staircase to the Ecumenical Temple.
  5093 | Temple   | Entered the Ecumenical Temple
  5106 | Temple   | Became a worshipper of Gozag Ym Sagoz the Greedy
  5877 | D:6      | Found a shimmering altar of Xom.
  6091 | D:6      | Found a glowing silver altar of Zin.
  6172 | D:6      | Reached skill level 10 in Stealth
  6172 | D:6      | Reached XP level 9. HP: 33/65 MP: 15/15
  6255 | D:6      | Learned a level 4 spell: Throw Icicle
  6604 | D:6      | Found Roni Wem's Weapon Emporium.
  6612 | D:6      | Bought a +2 dagger of venom for 172 gold pieces
  6941 | D:7      | Reached skill level 5 in Summonings
  7392 | D:7      | Reached skill level 5 in Spellcasting
  7724 | D:8      | Noticed a deep elf mage
  7724 | D:8      | Noticed a two-headed ogre
  7946 | D:8      | Noticed a kobold demonologist
  7958 | D:8      | Killed a kobold demonologist
  8119 | D:8      | Killed a two-headed ogre
  8119 | D:8      | Reached XP level 10. HP: 27/73 MP: 0/20
  8872 | D:9      | Found Fonuesaf's Food Shop.
  8934 | D:9      | Noticed a five-headed hydra
  9017 | D:9      | Learned a level 7 spell: Spellforged Servitor
  9042 | D:9      | Killed a five-headed hydra
  9042 | D:9      | Reached skill level 1 in Conjurations
  9211 | D:8      | Killed a deep elf mage
  9211 | D:8      | Reached skill level 5 in Fighting
  9915 | D:10     | Entered Level 10 of the Dungeon
  9950 | D:10     | Noticed Gastronok
 10496 | D:10     | Noticed Fannar
 10535 | D:10     | Killed Fannar
 10535 | D:10     | Reached skill level 1 in Short Blades
 10766 | D:10     | Killed Gastronok
 10766 | D:10     | Reached skill level 5 in Dodging
 10766 | D:10     | Reached XP level 11. HP: 61/80 MP: 2/23
 10885 | D:10     | Found a radiant altar of Vehumet.
 11051 | D:10     | Found Qetimu's Gadget Boutique.
 11105 | D:10     | Got a warped rapier
 11111 | D:10     | Identified the cursed +3 rapier of the Final Orbs {chaos,
                  | rPois Str+4} (You found it on level 10 of the Dungeon)
 11257 | D:10     | Found a staircase to the Lair.
 11262 | D:10     | Noticed a two-headed ogre
 11271 | D:10     | Killed a two-headed ogre
 11316 | D:11     | Noticed a tengu warrior
 11338 | D:11     | Killed a tengu warrior
 11446 | D:11     | Noticed a four-headed hydra
 11462 | D:11     | Killed a four-headed hydra
 11674 | D:11     | Found Mitogeuf's Antique Weapon Shoppe.
 11851 | D:11     | Found a stormy altar of Qazlal.
 11935 | D:11     | Noticed a red ugly thing
 11947 | D:11     | Killed a red ugly thing
 12344 | D:12     | Found a staircase to the Orcish Mines.
 13386 | D:12     | Noticed Erolcha
 13403 | D:12     | Killed Erolcha
 14273 | D:12     | Noticed a sixfirhy
 14506 | D:12     | Reached XP level 12. HP: 88/89 MP: 12/24
 15227 | D:13     | Noticed a six-headed hydra
 15564 | D:12     | HP: 2/89 [+6 long sword (23)]
 15804 | Lair:1   | Entered Level 1 of the Lair of Beasts
 15944 | Lair:1   | Noticed a four-headed hydra
 15979 | Lair:1   | Killed a four-headed hydra
 15979 | Lair:1   | Reached skill level 10 in Ice Magic
 16249 | Lair:1   | Noticed Harold
 16810 | Lair:1   | Learned a level 1 spell: Apportation
 16908 | Lair:1   | Killed Harold
 16930 | Lair:2   | Found a staircase to the Swamp.
 17681 | Lair:3   | Found a gate leading to a gauntlet.
 17700 | Gauntlet | Entered a Gauntlet
 17700 | Gauntlet | Found a transporter.
 17700 | Gauntlet | Found a transporter.
 17700 | Gauntlet | Noticed a reaper
 17704 | Gauntlet | Found a transporter.
 17705 | Gauntlet | Found a transporter.
 17715 | Gauntlet | Found a transporter.
 17723 | Gauntlet | Found a transporter.
 17723 | Gauntlet | Found a transporter.
 17729 | Gauntlet | Found a transporter.
 17750 | Gauntlet | Found a transporter.
 17770 | Gauntlet | Found a transporter.
 17770 | Gauntlet | Noticed a queen ant
 17796 | Gauntlet | Found a transporter.
 17867 | Gauntlet | Found a transporter.
 17919 | Gauntlet | Got a twitching platinum ring
 17966 | Gauntlet | Identified the ring of Osami {rC++ Str-3 Stlth-} (You found
                  | it in a Gauntlet)
 18056 | Gauntlet | Got a pair of dazzling boots
 18070 | Gauntlet | Identified the +0 pair of boots of the Spheres {rElec Int+3
                  | Dex-3} (You found it in a Gauntlet)
 18129 | Gauntlet | Identified the +7 glaive of Ravage {pain, Str+4}
 18129 | Gauntlet | Identified the ring of the Enemy {rPois MR+ AC+4 Str+5
                  | Stlth+}
 18129 | Gauntlet | Noticed a minotaur
 18150 | Gauntlet | Noticed an anaconda
 18214 | Gauntlet | Noticed a satyr
 18247 | Gauntlet | Slain by a minotaur

Levels and vault maps discovered:
D:1:      nicolae_arrival_washed_ashore, layout_basic
D:2:      minmay_chambers_of_twos, layout_basic
D:3:      layout_basic, first_ration, uniq_natasha, uniq_jessica, uniq_sigmund,
          uniq_robin
D:4:      layout_layer_cave, uniq_pikel
D:5:      layout_basic, minmay_temple_entry_butterflies, minivault_1,
          uniq_grinder
D:6:      layout_gridville, nicolae_overflow_hidden_temple, serial_shops, shop,
          xom_confusion_cloud
D:7:      layout_cave_pools
D:8:      layout_basic
D:9:      cheibrodos_fzero, layout_loops_ring, serial_shops,
          nicolae_shop_competitors_out_of_business
D:10:     layout_rooms, lair_entry_dummy, basic_altar, serial_shops, shop,
          uniq_fannar, uniq_gastronok
D:11:     layout_loops_cross, basic_altar, serial_shops, nicolae_shop_trees,
          hangedman_pestilent_swarm
D:12:     layout_layer_cave, orc_david_3, uniq_erolcha
D:13:     minmay_the_grid_square_5x5_5x5 [minmay_the_grid_square_5x5_gyroscope,
          minmay_the_grid_square_5x5_shrine1,
          minmay_the_grid_square_5x5_beaten_path,
          minmay_the_grid_square_5x5_forky,
          minmay_the_grid_square_5x5_checkered_sparse,
          minmay_the_grid_square_5x5_eight,
          minmay_the_grid_square_5x5_prize_snowflake,
          minmay_the_grid_square_5x5_two, minmay_the_grid_square_5x5_prize_gold,
          minmay_the_grid_square_5x5_spiral_small,
          minmay_the_grid_square_5x5_sharp_hourglass,
          minmay_the_grid_square_5x5_mess,
          minmay_the_grid_square_5x5_prize_pseudospiral,
          minmay_the_grid_square_5x5_three, minmay_the_grid_square_5x5_slash,
          minmay_the_grid_square_5x5_shuriken,
          minmay_the_grid_square_5x5_prize_waves,
          minmay_the_grid_square_5x5_tri_point,
          minmay_the_grid_square_5x5_prize_junk,
          minmay_the_grid_square_5x5_spiral, minmay_the_grid_square_5x5_empty,
          minmay_the_grid_square_5x5_tie, minmay_the_grid_square_5x5_moneybag,
          minmay_the_grid_square_5x5_half_checkered,
          minmay_the_grid_square_5x5_broken_cross], layout_loops_cross,
          erik_vaults_1
Temple:   nicolae_temple_the_god_donut
Lair:1:   layout_loops_ring, uniq_harold
Lair:2:   layout_loops_ring, swamp_mist, lemuel_fruit_tree
Lair:3:   layout_regular_city, gauntlet_entry_generic,
          grunt_forest_small_clearings, grunt_megastairs_4, serial_bayou_shore_a
Gauntlet: gammafunk_gauntlet_shortcut [gammafunk_gauntlet_arena_split_diamond,
          gammafunk_gauntlet_arena_crates, nicolae_gauntlet_arena_quarters,
          gammafunk_gauntlet_arena_arrow_garden,
          gammafunk_gauntlet_arena_chambers, nicolae_gauntlet_arena_blocks,
          nicolae_gauntlet_exit_dead_adventurers]

Skill      XL: |  1  2  3  4  5  6  7  8  9 10 11 12 |
---------------+-------------------------------------+-----
Fighting       | 1 2 3 4 5 6 7 |  7.3
Stealth        | 4 5 6 7 10 | 10.0
Spellcasting   | 3 4 7 8 9 |  9.3
Ice Magic      | 4 5 6 8 9 10 | 10.2
Summonings     | 2 4 5 7 |  7.8
Dodging        | 3 5 6 7 |  7.5
Conjurations   | 2 3 4 |  4.5
Short Blades   | 2 4 |  4.0

Action                   |  1- 3 |  4- 6 |  7- 9 | 10-12 || total
-------------------------+-------+-------+-------+-------++-------
Melee: Dagger            |    21 |    27 |   172 |   200 ||   420
       Unarmed           |     3 |       |     1 |       ||     4
       Bite              |       |     1 |    16 |    49 ||    66
       Rapier            |       |       |       |   273 ||   273
 Cast: Freeze            |    49 |    97 |   144 |       ||   290
       Ozocubu's Armour  |       |     1 |       |     1 ||     2
       Throw Frost       |       |       |     3 |       ||     3
       Summon Ice Beast  |       |       |    31 |   216 ||   247
       Throw Icicle      |       |       |     2 |     2 ||     4
       Apportation       |       |       |       |     3 ||     3
 Abil: Exsanguinate      |       |     2 |       |       ||     2
       Revivify          |       |     2 |       |       ||     2
Evoke: Wand              |       |       |    10 |     4 ||    14
       Phantom mirror    |       |       |       |     1 ||     1
  Use: Scroll            |     4 |     4 |    10 |    21 ||    39
       Potion            |       |       |     1 |     9 ||    10
 Stab: Sleeping          |     4 |     3 |     8 |    32 ||    47
       Distracted        |       |       |       |     5 ||     5
       Confused          |       |       |       |     2 ||     2
       Invisible         |       |       |       |     2 ||     2
       Paralysed         |       |       |       |     2 ||     2
Armor: Robe              |     1 |     2 |    38 |    78 ||   119
       Scale mail        |       |    14 |    67 |       ||    81
       Skin              |       |       |     2 |       ||     2
Dodge: Dodged            |    38 |    47 |   148 |   434 ||   667
       Deflected         |       |       |     1 |    12 ||    13

Table legend:
 A = Non-vault XP
 B = Vault XP
 C = Vault XP percentage of total XP
 D = Non-vault monster count
 E = Vault monster count
 F = Vault count percentage of total count
                 A         B        C        D         E       F
            +---------+---------+-------+---------+---------+-------
      Total |   23873 |    6439 |  21.2 |     354 |      60 |  14.5
            +---------+---------+-------+---------+---------+-------
        D:1 |      33 |       0 |   0.0 |      21 |       0 |   0.0
        D:2 |     205 |      17 |   7.7 |      30 |       8 |  21.1
        D:3 |     179 |     905 |  83.5 |      20 |      11 |  35.5
        D:4 |     273 |       0 |   0.0 |      18 |       0 |   0.0
        D:5 |     721 |       0 |   0.0 |      25 |       0 |   0.0
        D:6 |     494 |     231 |  31.9 |      12 |       8 |  40.0
        D:7 |    1055 |       0 |   0.0 |      38 |       0 |   0.0
        D:8 |    2572 |       0 |   0.0 |      39 |       0 |   0.0
        D:9 |     981 |    1025 |  51.1 |      19 |      12 |  38.7
       D:10 |    1325 |    1974 |  59.8 |      16 |       2 |  11.1
       D:11 |    3560 |     633 |  15.1 |      25 |       4 |  13.8
       D:12 |    5464 |     682 |  11.1 |      47 |       5 |   9.6
       D:13 |     932 |       0 |   0.0 |       9 |       0 |   0.0
     Lair:1 |    4213 |     488 |  10.4 |      20 |       1 |   4.8
     Lair:2 |     645 |       0 |   0.0 |       3 |       0 |   0.0
     Lair:3 |    1221 |     293 |  19.4 |      12 |       5 |  29.4
   Gauntlet |       0 |     191 | 100.0 |       0 |       4 | 100.0
            +---------+---------+-------+---------+---------+-------
